 Dungeon Crawl Stone Soup version 0.30.1-3-gfc49f6343a (webtiles) character file.

Game seed: 12324995950343175539

631 Babbit the Digger (level 7, -7/54 HPs)
             Began as a Troll Earth Elementalist on July 18, 2023.
             Was a Follower of Hepliaklqana.
             Mangled by an ogre
             ... wielding a +0 giant club
              (18 damage)
             ... on level 5 of the Dungeon.
             The game lasted 00:47:16 (3564 turns).

Babbit the Digger (Troll Earth Elementalist)        Turns: 3564, Time: 00:47:17

Health: -7/54      AC:  8    Str: 17    XL:     7   Next: 24%
Magic:  8/10       EV: 10    Int: 13    God:    Hepliaklqana [*.....]
Gold:   180        SH:  0    Dex: 10    Spells: 7/11 levels left

rFire   x .          .
                       - Unarmed
rCold   + . .        (no shield)
rNeg    . . .        a - +0 robe
rPois   .            (helmet restricted)
rElec   .            (no cloak)
rCorr   .            (gloves unavailable)
SInv    .            (boots unavailable)
Will    .....        (no amulet)
Stlth   ++           m - +4 ring of protection
HPRegen 1.09/turn    p - ring of ice
MPRegen 0.12/turn

%: no passive effects
@: no status effects
A: reduced essence, large, unfitting armour, claws 3, regeneration 1, shaggy fur
1, tough skin 1
a: Renounce Religion, Recall Ancestor, Ancestor Identity


You were on level 5 of the Dungeon.
You worshipped Hepliaklqana.
Hepliaklqana was aware of your devotion.
You visited 1 branch of the dungeon, and saw 5 of its levels.

You collected 180 gold pieces.

Inventory:

Missiles
 c - 5 boomerangs
 g - 22 poisoned darts
Armour
 a - a +0 robe (worn)
Jewellery
 m - a +4 ring of protection (left claw)
 p - a ring of ice (right claw)
Scrolls
 d - a scroll of torment {unknown}
 h - a scroll of teleportation
 i - a scroll of identify
 n - a scroll of amnesia {unknown}
 q - a scroll of enchant armour {unknown}
 s - a scroll of immolation
 t - a scroll of fear {unknown}
Potions
 b - a potion of magic
 e - 4 potions of might
 f - a potion of heal wounds
 j - 2 potions of flight
 k - a potion of resistance
 l - a potion of lignification {unknown}
 o - 3 potions of curing
 r - a potion of brilliance {unknown}


   Skills:
 + Level 0.4 Fighting
 + Level 2.3 Dodging
 + Level 1.4 Stealth
 + Level 2.5 Unarmed Combat
 + Level 2.9 Spellcasting
 + Level 0.6 Transmutations
 + Level 5.3 Earth Magic


You had 7 spell levels left.
You knew the following spells:

 Your Spells              Type           Power      Damage    Failure   Level
a - Sandblast             Erth           30%        2d9       2%          1
b - Stone Arrow           Conj/Erth      16%        3d8       22%         3

Your spell library contained the following spells:

 Spells                   Type           Power      Damage    Failure   Level
 Passwall                 Tmut/Erth      7%         N/A       11%         2
 Petrify                  Tmut/Erth      9%         N/A       56%         4


Dungeon Overview and Level Annotations

Branches:
Dungeon (5/15)             Temple (0/1) D:5

Altars:
Ashenzari
Elyvilon
Gozag
Hepliaklqana
Makhleb
Qazlal
Uskayaw
Xom
Yredelemnul
Zin

Shops:
D:4 (


Innate Abilities, Weirdness & Mutations

Your life essence is reduced to manifest your ancestor. (-10% HP)
You are too large for most types of armour.
You have claws for hands.
Your natural rate of healing is unusually fast.
You are covered in fur. (AC +1)
You have tough skin. (AC +1)


Message History

The centaur wields a +0 shortbow.
The centaur shoots an arrow.
The arrow closely misses you.
You hear a shout!
Simosihle closely misses the orc.
The centaur shoots an arrow.
The arrow hits you.
An ogre comes into view. It is wielding a +0 giant club.
The ogre shouts!
The ogre moves out of view.
The centaur shoots an arrow.
The arrow hits you.
The centaur shoots an arrow.
The arrow hits you.
The centaur shoots an arrow.
The arrow hits you!
You closely miss the orc.
The centaur shoots an arrow.
The arrow misses you. The orc hits you with a +0 flail!
Simosihle hits the orc.
The orc dies!
The centaur shoots an arrow.
The arrow hits you.
Casting: Sandblast (safe; 2% risk of failure)
Confirm with . or Enter, or press ? or * to list all spells.
Aiming: Sandblast (safe; 2% risk of failure)
Press: ? - help, Shift-Dir - straight line, f - ogre
Aim: an ogre, wielding a +0 giant club (ally target, 91% to hit)
The blast of sand hits the ogre.
The ogre is lightly wounded.
The centaur shoots an arrow.
The arrow hits you!
Casting: Sandblast (safe; 2% risk of failure)
Confirm with . or Enter, or press ? or * to list all spells.
Aiming: Sandblast (safe; 2% risk of failure)
Press: ? - help, Shift-Dir - straight line, f/p - ogre
Aim: an ogre, wielding a +0 giant club (lightly wounded, ally target, 91% to hit)
The blast of sand hits the ogre.
The ogre is moderately wounded.
The ogre hits you with a +0 giant club!
Simosihle hits the ogre.
The centaur unwields a +0 shortbow.
The centaur hits you.
* * * LOW HITPOINT WARNING * * *
The centaur barely misses you.
Simosihle hits the ogre but does no damage.
The centaur wields a +0 shortbow.
The centaur shoots an arrow.
The arrow hits you.
* * * LOW HITPOINT WARNING * * *
The ogre hits you with a +0 giant club!!
You die...

.#####.# .# #.# #.#
.# .#####.# #.#
####.### .......#
#.###...... ##
######.#
#.##..#...##.. #.#
#......#.#..#
#.####...#..#....#
##.##...#..##....#...
#...........@.>......
#.>##.##...#ROc.##...
#..##[###.#....#..#
#..##.# #.#..#.# ....
#####.)##.. ...##...#
... .....<.#######..
..... .# #####..#
####..#### # # #..#
..# #####..#


You could see the friendly Simosihle the ancestor, an ogre (ally target) and a
centaur.

Vanquished Creatures
  An ice beast (D:5)
  An ogre (D:5)
  A centaur (D:5)
  A hound (D:5)
  An orc priest (D:5)
  A sleepcap (D:5)
  2 orc wizards (D:5)
  Robin (D:2)
  2 adders (D:2)
  A white imp (D:5)
  2 ufetubi (D:5)
  2 worms (D:2)
  A dart slug (D:4)
  9 orcs
  7 ball pythons
  5 bats
  5 endoplasms
  3 giant cockroaches (D:2)
  13 goblins
  7 hobgoblins
  2 quokkas
  2 frilled lizards (D:2)
  4 kobolds
  6 rats
80 creatures vanquished.

Vanquished Creatures (collateral kills)
  An ogre (D:5)
  An adder (D:5)
  2 orcs (D:5)
  A quokka (D:5)
5 creatures vanquished.

Vanquished Creatures (others)
  A worm (D:3)
  3 ancestors (D:5)
  An endoplasm (D:3)
  A giant cockroach (D:3)
  2 kobolds (D:3)
  A ball python (D:3)
  2 bats (D:3)
  2 frilled lizards (D:3)
13 creatures vanquished.

Grand Total: 98 creatures vanquished

Notes
Turn   | Place    | Note
-------+----------+-------------------------------------------
     0 | D:1      | Babbit the Troll Earth Elementalist began the quest for the
                  | Orb.
     0 | D:1      | Reached XP level 1. HP: 16/16 MP: 1/1
   163 | D:1      | Reached skill level 3 in Earth Magic
   376 | D:2      | Reached XP level 2. HP: 24/24 MP: 0/2
   681 | D:2      | Reached XP level 3. HP: 21/31 MP: 0/3
   950 | D:2      | Identified the +0 helmet "Lugricri" {rElec rN+++ Dex-4
                  | SInv}
   950 | D:2      | Noticed Robin
  1002 | D:2      | Killed Robin
  1003 | D:2      | Reached skill level 1 in Unarmed Combat
  1039 | D:2      | Reached XP level 4. HP: 39/39 MP: 0/5
  1357 | D:3      | Noticed a human
  1357 | D:3      | Found a runed translucent door.
  1360 | D:3      | Reached skill level 4 in Earth Magic
  1362 | D:3      | Found a basalt altar of Yredelemnul.
  1413 | D:3      | Noticed a +0 falchion
  1413 | D:3      | Noticed a +0 short sword
  1414 | D:3      | Noticed a +0 spear
  1414 | D:3      | Noticed a +0 short sword
  1415 | D:3      | Noticed a +0 dagger
  1417 | D:3      | Noticed a +0 spear
  1417 | D:3      | Noticed a +0 falchion
  1417 | D:3      | Noticed a +0 dagger
  1450 | D:3      | Found a hide-covered altar of Uskayaw.
  1567 | D:3      | Found an opulent altar of Gozag.
  1625 | D:3      | Found a white marble altar of Elyvilon.
  1708 | D:3      | Found a stormy altar of Qazlal.
  1879 | D:3      | Noticed an Executioner
  1892 | D:3      | Found a burning altar of Makhleb.
  1895 | D:3      | Found a glowing silver altar of Zin.
  1897 | D:3      | Noticed an angel
  2092 | D:3      | Found a broken altar of Ashenzari.
  2092 | D:3      | Found a hazy altar of Hepliaklqana.
  2104 | D:3      | Became a worshipper of Hepliaklqana the Forgotten
  2416 | D:4      | Found Citop's Antique Weapon Shop.
  2942 | D:4      | Found a shimmering altar of Xom.
  2945 | D:4      | Reached * piety under Hepliaklqana
  2971 | D:5      | Entered Level 5 of the Dungeon
  2993 | D:5      | Noticed an ice beast
  3013 | D:5      | Killed an ice beast
  3014 | D:5      | Reached XP level 5. HP: 40/40 MP: 1/7
  3100 | D:5      | Reached XP level 6. HP: 47/47 MP: 6/8
  3200 | D:5      | Reached skill level 5 in Earth Magic
  3212 | D:5      | Reached XP level 7. HP: 47/54 MP: 2/10
  3273 | D:5      | Learned a level 3 spell: Stone Arrow
  3554 | D:5      | Found a staircase to the Ecumenical Temple.
  3564 | D:5      | Mangled by an ogre

Illustrated notes

Levels and vault maps discovered:
D:1:      minmay_arrival_four_circles, layout_rooms, serial_glass,
          glass_columns_b, glass_columns_c
D:2:      kennysheep_big_flooded_room, layout_loops_cross, uniq_robin
D:3:      layout_basic, grunt_temple_overflow_order_and_chaos_2,
          nicolae_uskayaw_en_pointe, grunt_gozag_statues, dk_yredelemnul_ordeal,
          elyvilon_altar_4, nicolae_qazlal_general_emergency,
          gammafunk_temple_overflow_elements, chequers_serial_rivers_micro_a
D:4:      layout_basic, lemuel_crystal_altar, serial_bayou,
          serial_bayou_crossing, serial_bayou_shore_a, serial_bayou_lagoon_b,
          serial_bayou_pond_c, serial_shops, shop
D:5:      layout_loops_ring, marbit_many_paths, minmay_temple_entry_mini_moons

Skill      XL: |  1  2  3  4  5  6 |
---------------+-------------------+-----
Earth Magic    | 3 4 5 |  5.3
Unarmed Combat | 1 2 |  2.5
Spellcasting   | 2 |  2.9
Dodging        | 2 |  2.3
Fighting       | |  0.4
Stealth        | |  1.4
Transmutations | |  0.6

Action                     |  1- 3 |  4- 6 |  7- 9 || total
---------------------------+-------+-------+-------++-------
  Melee: Unarmed           |    85 |    91 |    11 ||   187
         Punch             |     1 |     4 |       ||     5
   Cast: Sandblast         |    24 |    48 |     9 ||    81
    Use: Scroll            |     1 |     9 |       ||    10
         Potion            |       |     2 |       ||     2
 Armour: Robe              |    47 |    40 |     5 ||    92
  Dodge: Dodged            |    41 |    32 |    10 ||    83
